 Dungeon Crawl Stone Soup version 0.29.1-1-gd02db6906a (webtiles) character file.

Game seed: 16280697756894711661

1940 LustLizard the Covert (level 8, 0/42 HPs)
             Began as a Spriggan Arcane Marksman on Sept 22, 2022.
             Was an Initiate of Dithmenos.
             Slain by a wolf (4 damage)
             ... on level 7 of the Dungeon.
             The game lasted 00:18:07 (8945 turns).

LustLizard the Covert (Spriggan Arcane Marksman)    Turns: 8945, Time: 00:18:08

Health: 0/42       AC:  6    Str:  6    XL:     8   Next: 98%
Magic:  11/11      EV: 17    Int: 15    God:    Dithmenos [......]
Gold:   206        SH:  0    Dex: 17    Spells: 8/9 levels left

rFire   . . .      SeeInvis +   a - +1 sling
rCold   . . .      Faith    .   (no shield)
rNeg    . . .      Spirit   .   c - +0 robe
rPois   .          Reflect  .   k - +2 hat
rElec   .          Harm     .   o - +1 cloak
rCorr   .          Rampage  .   (gloves unavailable)
Will    +....                   (boots unavailable)
Stlth   +++++.....              (no amulet)
HPRegen 0.14/turn               (no ring)
MPRegen 0.12/turn               (no ring)

@: very quick
A: very small, no large weapons, unfitting armour, see invisible, speed 3
a: Renounce Religion


You were on level 7 of the Dungeon.
You worshipped Dithmenos.
Dithmenos was noncommittal.
You visited 2 branches of the dungeon, and saw 9 of its levels.

You collected 245 gold pieces.
You spent 39 gold pieces at shops.

Inventory:

Hand Weapons
 a - a +1 sling (weapon)
 w - a +0 shortbow
Armour
 c - a +0 robe (worn)
 k - a +2 hat (worn)
 o - a +1 cloak (worn)
Scrolls
 b - 2 scrolls of poison
 i - a scroll of magic mapping {unknown}
 m - 2 scrolls of blinking {unknown}
 n - 2 scrolls of immolation
 p - a scroll of torment {unknown}
 q - a scroll of butterflies {unknown}
 r - a scroll of noise {unknown}
 t - a scroll of enchant weapon {unknown}
Potions
 d - 3 potions of mutation
 e - 8 potions of curing
 f - a potion of might
 g - 4 potions of brilliance
 h - 2 potions of cancellation
 j - a potion of berserk rage {unknown}
 l - 3 potions of lignification {unknown}
 s - a potion of attraction {unknown}
 u - a potion of ambrosia {unknown}
 v - a potion of degeneration {unknown}


   Skills:
 + Level 4.2 Fighting
 * Level 7.6 Ranged Weapons
 - Level 2.6 Dodging
 * Level 11.2 Stealth
 - Level 1.3 Spellcasting
 - Level 4.0 Hexes


You had 8 spell levels left.
You knew the following spells:

 Your Spells              Type           Power      Damage    Failure   Level
a - Slow                  Hex            52%        N/A       4%          1

Your spell library contained the following spells:

 Spells                   Type           Power      Damage    Failure   Level
 Inner Flame              Hex/Fire       7%         N/A       30%         3
 Portal Projectile        Hex/Tloc       14%        N/A       30%         3
 Cause Fear               Hex            6%         N/A       41%         4


Dungeon Overview and Level Annotations

Branches:
Dungeon (8/15)             Temple (1/1) D:6
   Lair: D:8-11

Altars:
Ashenzari
Dithmenos
Fedhas
Ru
Sif Muna
Uskayaw
Vehumet
Xom
Zin
The Shining One

Shops:
D:2 !   D:7 [

Annotations:
D:3 Sigmund


Innate Abilities, Weirdness & Mutations

You are very small and have problems with some larger weapons.
You are too small for most types of armour.
You have supernaturally acute eyesight. (SInv)
You cover ground extremely quickly. (Speed+++)


Message History

You shoot a sling bullet.
The sling bullet hits the wolf but does no damage.
The wolf is severely wounded.
The wolf bites you but does no damage. The wolf bites you.
Okay, then.
The wolf attacks as you move away! The wolf bites you but does no damage.
The wolf attacks as you move away! The wolf barely misses you.
The wolf attacks as you move away! The wolf bites you but does no damage.
There is a stone staircase leading up here.
The wolf misses you.
You climb upwards.
There is a stone staircase leading down here.
The wolf barely misses you. The wolf attacks as you move away!
The wolf closely misses you. The wolf attacks as you move away!
The wolf bites you.
* * * LOW HITPOINT WARNING * * *
The wolf bites you!
* * * LOW HITPOINT WARNING * * *
The wolf attacks as you move away! The wolf misses you.
Fire: a) +1 sling
Press: ? - help, Q - select action, (/) - cycle Shift-Dir - straight line, f - wolf
Aim: a wolf (severely wounded, 48% to hit)
You shoot a sling bullet. The sling bullet hits the wolf.
The wolf is severely wounded.
The wolf misses you. The wolf barely misses you.
Fire: a) +1 sling
Press: ? - help, Q - select action, (/) - cycle Shift-Dir - straight line, f/p - wolf
Aim: a wolf (severely wounded, 48% to hit)
You shoot a sling bullet.
The sling bullet barely misses the wolf.
The wolf closely misses you.
Fire: a) +1 sling
Press: ? - help, Q - select action, (/) - cycle Shift-Dir - straight line, f/p - wolf
Aim: a wolf (severely wounded, 48% to hit)
You shoot a sling bullet.
The sling bullet closely misses the wolf.
The wolf bites you.
* * * LOW HITPOINT WARNING * * *
The wolf bites you.
You die...

.##'#####.#.######
................>#
.##.#.#.#.#.##.#.#
.#..#.#.#.#.##.#.#
.#..#.#.#.#....#.#
.#.<#.#.#.######.#
.####.#...# #.#
....#.##### #h#
......# #@#
......##########.#
.................#
.................#
.###.............#
.#.#.............#
#.8.#............#
.#.#.............#
.###.............#


You could see a wolf.

Vanquished Creatures
  Grinder (D:3)
  A wyvern (D:7)
  Eustachio (D:4)
  2 black bears (D:6)
  An ogre (D:5)
  2 centaurs (D:7)
  A phantom (D:4)
  A necrophage (D:7)
  A gnoll sergeant (D:5)
  2 scorpions
  A wight (D:5)
  A howler monkey (D:7)
  2 orc priests
  3 hounds
  3 jellies
  An iguana (D:6)
  3 orc wizards
  7 gnolls (D:5)
  9 adders
  A shadow imp (D:6)
  4 worms
  25 orcs
  3 ball pythons
  5 endoplasms
  3 giant cockroaches
  4 hobgoblins
  7 jackals
  10 kobolds
  5 quokkas
  4 bats
  3 frilled lizards
  6 goblins
  2 rats
125 creatures vanquished.

Vanquished Creatures (others)
  6 fungi
  10 plants
16 creatures vanquished.

Grand Total: 141 creatures vanquished

Notes
Turn   | Place    | Note
-------+----------+-------------------------------------------
     0 | D:1      | LustLizard the Spriggan Arcane Marksman began the quest for
                  | the Orb.
     0 | D:1      | Reached XP level 1. HP: 9/9 MP: 3/3
   105 | D:1      | Reached skill level 1 in Stealth
   310 | D:1      | Reached XP level 2. HP: 13/14 MP: 5/5
   337 | D:1      | You fall into a shaft and drop 1 floor!
   412 | D:1      | Reached skill level 1 in Fighting
  1393 | D:2      | Reached skill level 2 in Stealth
  1393 | D:2      | Reached XP level 3. HP: 18/18 MP: 6/6
  1599 | D:2      | Found a faded altar of an unknown god.
  1734 | D:2      | Reached skill level 3 in Stealth
  1742 | D:2      | Reached XP level 4. HP: 22/22 MP: 7/7
  1796 | D:2      | Found Diroj's Distillery.
  1845 | D:2      | Bought a potion of curing for 39 gold pieces
  2028 | D:3      | Found a glowing silver altar of Zin.
  2117 | D:3      | Noticed Sigmund
  2237 | D:3      | Found a glowing golden altar of the Shining One.
  2609 | D:3      | Noticed Grinder
  2913 | D:3      | Killed Grinder
  2914 | D:3      | Reached skill level 5 in Stealth
  2914 | D:3      | Reached XP level 5. HP: 12/26 MP: 8/8
  2914 | D:3      | Reached XP level 6. HP: 13/30 MP: 9/9
  3369 | D:4      | Reached skill level 6 in Stealth
  3755 | D:4      | Noticed Eustachio
  4308 | D:4      | Killed Eustachio
  4309 | D:4      | Reached skill level 5 in Ranged Weapons
  4309 | D:4      | Reached XP level 7. HP: 30/35 MP: 10/10
  4886 | D:5      | Entered Level 5 of the Dungeon
  4890 | D:5      | Reached skill level 7 in Stealth
  5678 | D:5      | Reached skill level 8 in Stealth
  6773 | D:6      | Reached skill level 9 in Stealth
  6773 | D:6      | Reached XP level 8. HP: 30/40 MP: 11/11
  7070 | D:6      | Found a staircase to the Ecumenical Temple.
  7095 | Temple   | Entered the Ecumenical Temple
  7107 | Temple   | Became a worshipper of Dithmenos the Shadowed
  7587 | D:7      | Reached skill level 10 in Stealth
  7964 | D:7      | Reached skill level 11 in Stealth
  8085 | D:7      | Found a shimmering blue altar of Sif Muna.
  8337 | D:7      | Found Quiph's Armour Shoppe.
  8945 | D:7      | Slain by a wolf

Illustrated notes

Levels and vault maps discovered:
D:1:      matt_arrival_diagonals, layout_basic, minmay_misc_feat_chi,
          minmay_split_cup_large
D:2:      layout_rooms, shapermc_ecumenical_altar_acropolis, serial_shops,
          nicolae_shop_advertising_works [nicolae_subvault_shop_adworks]
D:3:      layout_basic, overflow_temple_1_default,
          nicolae_tso_swordbearing_angel, dreamdust_princess_corridor,
          chequers_garden, uniq_sigmund, uniq_grinder
D:4:      layout_layer_cave, nrook_mini_backslash, uniq_eustachio
D:5:      layout_loops_corners
D:6:      layout_rooms, minmay_temple_entry_trees
D:7:      layout_basic, kennysheep_mini, serial_shops, nicolae_lakefront_shop,
          grunt_decor_one_mirror
D:8:      hellmonk_destroyed_diamonds, layout_layer_cave, lemuel_doored_altar,
          minmay_lair_entry_grove, enter_bailey_4, uniq_maurice
Temple:   nicolae_temple_bog_church

Skill      XL: |  1  2  3  4  5  6  7  8 |
---------------+-------------------------+-----
Stealth        | 1 2 3 5 6 9 11 | 11.2
Fighting       | 1 2 3 4 |  4.2
Hexes          | 4 |  4.0
Ranged Weapons | 3 4 5 6 7 |  7.6
Dodging        | |  2.6
Spellcasting   | |  1.3

Action                   |  1- 3 |  4- 6 |  7- 9 || total
-------------------------+-------+-------+-------++-------
 Fire: Sling             |   146 |   253 |   368 ||   767
 Cast: Slow              |     2 |     7 |    11 ||    20
  Use: Scroll            |       |     2 |     3 ||     5
Armor: Robe              |     5 |    14 |    30 ||    49
Dodge: Dodged            |    83 |    89 |   113 ||   285
